 Dungeon Crawl Stone Soup version 0.26-a0-651-gb41185065b (webtiles) character file.

Game seed: 9911149180210089487

1584 vurker the Sneak (level 8, -8/60 HPs)
             Began as a Gnoll Enchanter on Oct 14, 2020.
             Was an Initiate of Cheibriados.
             Mangled by an ogre
             ... wielding a +0 giant spiked club
              (16 damage)
             ... on level 6 of the Dungeon.
             The game lasted 00:09:21 (6750 turns).

vurker the Sneak (Gnoll Enchanter)                  Turns: 6750, Time: 00:09:21

Health: -8/60      AC: 11    Str: 12    XL:     8   Next: 92%
Magic:  17/17      EV:  8    Int: 20    God:    Cheibriados [......]
Gold:   358        SH:  0    Dex: 17    Spells: 18/19 levels left

rFire    + . .     SeeInvis .   w - +2 whip (freeze)
rCold    . . .     Faith    .   (no shield)
rNeg     . . .     Spirit   .   m - +2 chain mail {rF+}
rPois    .         Reflect  .   (no helmet)
rElec    .         Harm     .   (no cloak)
rCorr    .         Rampage  .   (no gloves)
MR       .....                  (no boots)
Stlth    +.........             (no amulet)
HPRegen  0.20/turn              j - +4 ring of slaying
MPRegen  0.15/turn              (no ring)

@: very slow
A: distributed training, fangs 1, strong nose
a: Bend Time, Renounce Religion


You were on level 6 of the Dungeon.
You worshipped Cheibriados.
Cheibriados was noncommittal.
You visited 2 branches of the dungeon, and saw 7 of its levels.

You collected 358 gold pieces.

Inventory:

Hand Weapons
 w - a +2 whip of freezing (weapon)
   (You took it off Pikel on level 5 of the Dungeon)
Missiles
 v - 9 poisoned darts (quivered)
Armour
 m - a +2 chain mail of fire resistance (worn)
   (You found it on level 2 of the Dungeon)
Jewellery
 j - a +4 ring of slaying (left hand)
   (You found it on level 2 of the Dungeon)
Wands
 c - a wand of disintegration (23)
   (You found it on level 2 of the Dungeon)
 d - a wand of iceblast (8)
   (You took it off Pikel on level 5 of the Dungeon)
Scrolls
 a - 2 scrolls of blinking {unknown}
 b - 5 scrolls of fog {unknown}
 e - 8 scrolls of teleportation {unknown}
 i - 6 scrolls of identify {unknown}
 k - a scroll of noise {unknown}
 n - 4 scrolls of enchant weapon {unknown}
 o - 2 scrolls of amnesia {unknown}
 q - a scroll of fear {unknown}
 s - 3 scrolls of remove curse {unknown}
 t - a scroll of magic mapping {unknown}
 y - a scroll of enchant armour {unknown}
Potions
 f - a potion of brilliance {unknown}
 g - a potion of degeneration {unknown}
 h - 2 potions of curing {unknown}
 l - 2 potions of heal wounds {unknown}
 p - 2 potions of flight {unknown}
 r - a potion of ambrosia {unknown}
 u - a potion of haste {unknown}
 x - a potion of might {unknown}


   Skills:
 + Level 3.7 Fighting
 + Level 4.5 Short Blades
 + Level 3.7 Long Blades
 + Level 3.7 Axes
 + Level 3.7 Maces & Flails
 + Level 3.7 Polearms
 + Level 3.7 Staves
 + Level 3.7 Slings
 + Level 3.7 Bows
 + Level 3.7 Crossbows
 + Level 3.7 Throwing
 + Level 3.7 Armour
 + Level 5.9 Dodging
 + Level 7.1 Stealth
 + Level 3.7 Shields
 + Level 3.7 Unarmed Combat
 + Level 6.3 Spellcasting
 + Level 3.0 Conjurations
 + Level 6.3 Hexes
 + Level 3.0 Summonings
 + Level 3.0 Necromancy
 + Level 3.0 Translocations
 + Level 3.0 Transmutations
 + Level 3.0 Fire Magic
 + Level 3.0 Ice Magic
 + Level 3.0 Air Magic
 + Level 3.0 Earth Magic
 + Level 3.0 Poison Magic
 + Level 4.0 Invocations
 + Level 3.7 Evocations


You had 18 spell levels left.
You knew the following spells:

 Your Spells              Type           Power        Failure   Level
a - Corona                Hex            ####...      26%         1

Your spell library contained the following spells:

 Spells                   Type           Power        Failure   Level
 Ensorcelled Hibernation  Hex/Ice        ####..       61%         2
 Confusing Touch          Hex            ####....     63%         3
 Tukima's Dance           Hex            ####....     63%         3
 Dazzling Flash           Conj/Hex       ####..       83%         3
 Gell's Gravitas          Tloc           ###.......   97%         3
 Petrify                  Tmut/Erth      ###.....     100%        4
 Metabolic Englaciation   Hex/Ice        ####......   100%        5
 Yara's Violent Unravell  Hex/Tmut       ####......   100%        5


Dungeon Overview and Level Annotations

Branches:
Dungeon (6/15)             Temple (1/1) D:5

Altars:
Cheibriados
Dithmenos
Gozag
Kikubaaqudgha
Makhleb
Nemelex Xobeh
Okawaru
Qazlal
Vehumet


Innate Abilities, Weirdness & Mutations

Your experience applies equally to all skills.
You have very sharp teeth.
Your uncanny sense of smell can sniff out nearby items.


Message History

The ufetubus shouts!
An ufetubus is nearby!
An ufetubus is nearby!
A bullfrog comes into view.
An ogre comes into view. It is wielding a +0 giant spiked club.
A bullfrog comes into view.
The ogre shouts!
The bullfrog croaks.
The bullfrog gives a loud, deep croak!
The ufetubus completely misses you. The ufetubus closely misses you.
The ufetubus hits you but does no damage.
The ufetubus closely misses you.
You barely miss the ufetubus. You bite the ufetubus.
The ufetubus hits you but does no damage.
The ufetubus barely misses you.
A sky beast comes into view.
A scorpion comes into view.
The bullfrog hits you but does no damage.
You whack the ufetubus!
You kill the ufetubus!
Cheibriados thoroughly appreciates the change of pace.
An ice beast comes into view.
The bullfrog closely misses you.
The sky beast flickers out of sight!
Deactivating autopickup; reactivate with Ctrl-A.
You hit the bullfrog.
The bullfrog seems to slow down.
You freeze the bullfrog. The bullfrog completely misses you.
The bullfrog barely misses you.
You closely miss the bullfrog. You bite the bullfrog.
The bullfrog swells and bulges.
The bullfrog closely misses you. x2; The bullfrog barely misses you.
A howler monkey skeleton comes into view.
You whack the bullfrog! You freeze the bullfrog. The ogre barely misses you.
The bullfrog hits you but does no damage. x2
You hit the bullfrog.
The bullfrog seems to slow down.
You freeze the bullfrog.
You kill the bullfrog!
Cheibriados appreciates the change of pace.
The bullfrog hits you but does no damage.
The ogre hits you with a +0 giant spiked club!!
Your chain mail prevents you from hitting the bullfrog.
You bite the bullfrog. The bullfrog hits you. x2
You hit the bullfrog.
The bullfrog seems to slow down.
You freeze the bullfrog.
The ogre hits you with a +0 giant spiked club!
* * * LOW HITPOINT WARNING * * *
The bullfrog hits you.
* * * LOW HITPOINT WARNING * * *
Something hits you.
* * * LOW HITPOINT WARNING * * *
Something shocks you.
* * * LOW HITPOINT WARNING * * *
A sky beast appears from thin air!
Reactivating autopickup.
The sky beast barely misses you.
The ogre hits you with a +0 giant spiked club!
You die...

#..#....(.......
#.......###....
#..#..### ...#
##..### .##
#...###### #
##........
##........
#.........
##.@.......
##.OY.......
#..FYs......
#Z..........
#............
..............
................
................
...............


You could see an ice beast, a sky beast, an ogre, a bullfrog (slow), a scorpion
and a howler monkey skeleton.

Vanquished Creatures
  Pikel (D:5)
  Sigmund (D:2)
  An ogre (D:5)
  2 bullfrogs
  A howler monkey (D:4)
  A crimson imp (D:2)
  A hound (D:4)
  A bullfrog zombie (D:5)
  5 orc priests
  A jelly (D:5)
  3 orc wizards
  3 iguanas (D:5)
  A worker ant (D:4)
  7 gnolls
  2 adders
  A shadow imp (D:6)
  A white imp (D:5)
  2 ufetubi (D:6)
  3 oozes
  An adder zombie (D:6)
  2 adder skeletons (D:4)
  2 worms
  3 dart slugs
  3 leopard geckos
  20 orcs
  6 bats
  3 giant cockroaches
  7 hobgoblins
  15 jackals
  4 kobolds
  4 quokkas
  2 ball pythons
  12 frilled lizards
  5 goblins
  A quokka skeleton (D:5)
  6 rats
134 creatures vanquished.

Vanquished Creatures (others)
  A withered plant (D:4)
1 creature vanquished.

Grand Total: 135 creatures vanquished

Notes
Turn   | Place    | Note
-------+----------+-------------------------------------------
     0 | D:1      | vurker the Gnoll Enchanter began the quest for the Orb.
     0 | D:1      | Reached XP level 1. HP: 13/13 MP: 6/6
   107 | D:1      | Reached XP level 2. HP: 20/20 MP: 7/7
   386 | D:1      | Reached XP level 3. HP: 25/25 MP: 9/9
   389 | D:1      | Reached skill level 5 in Spellcasting
   442 | D:1      | Reached skill level 6 in Stealth
   640 | D:1      | Reached skill level 1 in Invocations
  1019 | D:2      | Noticed Sigmund
  1042 | D:2      | Killed Sigmund
  1042 | D:2      | Reached skill level 1 in Fighting
  1042 | D:2      | Reached skill level 1 in Long Blades
  1042 | D:2      | Reached skill level 1 in Axes
  1042 | D:2      | Reached skill level 1 in Maces & Flails
  1042 | D:2      | Reached skill level 1 in Polearms
  1042 | D:2      | Reached skill level 1 in Staves
  1042 | D:2      | Reached skill level 1 in Slings
  1042 | D:2      | Reached skill level 1 in Bows
  1042 | D:2      | Reached skill level 1 in Crossbows
  1042 | D:2      | Reached skill level 1 in Throwing
  1042 | D:2      | Reached skill level 1 in Armour
  1042 | D:2      | Reached skill level 1 in Shields
  1042 | D:2      | Reached skill level 1 in Unarmed Combat
  1042 | D:2      | Reached skill level 1 in Conjurations
  1042 | D:2      | Reached skill level 1 in Summonings
  1042 | D:2      | Reached skill level 1 in Necromancy
  1042 | D:2      | Reached skill level 1 in Translocations
  1042 | D:2      | Reached skill level 1 in Transmutations
  1042 | D:2      | Reached skill level 1 in Fire Magic
  1042 | D:2      | Reached skill level 1 in Ice Magic
  1042 | D:2      | Reached skill level 1 in Air Magic
  1042 | D:2      | Reached skill level 1 in Earth Magic
  1042 | D:2      | Reached skill level 1 in Poison Magic
  1042 | D:2      | Reached skill level 1 in Evocations
  1042 | D:2      | Reached XP level 4. HP: 11/32 MP: 11/11
  1042 | D:2      | Reached XP level 5. HP: 12/37 MP: 12/12
  1375 | D:2      | Found a burning altar of Makhleb.
  1554 | D:2      | Reached XP level 6. HP: 44/44 MP: 13/13
  1592 | D:2      | Found an opulent altar of Gozag.
  1947 | D:3      | Reached skill level 5 in Dodging
  3090 | D:3      | Reached XP level 7. HP: 33/50 MP: 15/15
  4483 | D:4      | Found an ancient bone altar of Kikubaaqudgha.
  5079 | D:5      | Entered Level 5 of the Dungeon
  5507 | D:5      | Noticed Pikel
  5523 | D:5      | Killed Pikel
  5523 | D:5      | Reached XP level 8. HP: 44/58 MP: 15/17
  6038 | D:5      | Reached skill level 7 in Stealth
  6386 | D:5      | Found a staircase to the Ecumenical Temple.
  6436 | Temple   | Entered the Ecumenical Temple
  6521 | Temple   | Became a worshipper of Cheibriados the Contemplative
  6750 | D:6      | Mangled by an ogre

Illustrated notes

Levels and vault maps discovered:
D:1:      dpeg_arrival_more_subterranean_lakeside_camping, layout_rooms,
          minmay_lizard_pond
D:2:      layout_loops_ring, makhleb_grotto_becter, lemuel_doored_altar,
          uniq_sigmund
D:3:      layout_basic
D:4:      layout_gridville, kiku_gazebo_garden_becter
D:5:      layout_basic, minmay_temple_entry_drinking_statues, uniq_pikel
D:6:      layout_cave_pods, old_standard_altar, uniq_maggie, uniq_menkaure
Temple:   minmay_temple_curvy_branch

Skill      XL: |  1  2  3  4  5  6  7  8 |
---------------+-------------------------+-----
Spellcasting   | 5 6 |  6.3
Stealth        | 6 7 |  7.1
Invocations    | 1 2 3 4 |  4.0
Fighting       | 1 2 3 |  3.7
Short Blades   | 3 4 |  4.5
Long Blades    | 1 2 3 |  3.7
Axes           | 1 2 3 |  3.7
Maces & Flails | 1 2 3 |  3.7
Polearms       | 1 2 3 |  3.7
Staves         | 1 2 3 |  3.7
Slings         | 1 2 3 |  3.7
Bows           | 1 2 3 |  3.7
Crossbows      | 1 2 3 |  3.7
Throwing       | 1 2 3 |  3.7
Armour         | 1 2 3 |  3.7
Shields        | 1 2 3 |  3.7
Unarmed Combat | 1 2 3 |  3.7
Conjurations   | 1 2 3 |  3.0
Summonings     | 1 2 3 |  3.0
Necromancy     | 1 2 3 |  3.0
Translocations | 1 2 3 |  3.0
Transmutations | 1 2 3 |  3.0
Fire Magic     | 1 2 3 |  3.0
Ice Magic      | 1 2 3 |  3.0
Air Magic      | 1 2 3 |  3.0
Earth Magic    | 1 2 3 |  3.0
Poison Magic   | 1 2 3 |  3.0
Evocations     | 1 2 3 |  3.7
Dodging        | 5 |  5.9
Hexes          | 6 |  6.3

Action                   |  1- 3 |  4- 6 |  7- 9 || total
-------------------------+-------+-------+-------++-------
Melee: Dagger            |   158 |    84 |       ||   242
       Bite              |    14 |    11 |    27 ||    52
       Falchion          |       |    39 |   153 ||   192
       Punch             |       |     1 |     1 ||     2
       Whip              |       |       |    46 ||    46
Throw: Dart              |    11 |    22 |    25 ||    58
 Stab: Sleeping          |     1 |       |       ||     1
Armor: Chain mail        |    92 |    92 |   123 ||   307
       Plate armour      |     6 |     4 |       ||    10
Dodge: Dodged            |    42 |    41 |    77 ||   160
       Rpst.: Falchion   |       |     3 |    20 ||    23

Table legend: (Time is in decaauts)
 A = Elapsed time spent in this place.
 B = Non-inter-level travel time spent in this place.
 C = Inter-level travel time spent in this place.
 D = Time resting spent in this place.
 E = Time spent auto-exploring this place.
 F = Levels seen in this place.
 G = Mean time per level.
                   A        B        C        D        E       F      G
               +--------+--------+--------+--------+--------+-----+--------+
         Total |   6792 |   6583 |    209 |    278 |   5173 |   7 |  970.3 |
       Dungeon |   6674 |   6496 |    178 |    278 |   5093 |   6 | 1112.3 |
        Temple |    117 |     87 |     30 |      0 |     80 |   1 |  117.0 |
               +--------+--------+--------+--------+--------+-----+--------+

Top non-repeatable levels by time:
     D:5: 1518 daAuts
     D:4: 1416 daAuts
     D:3: 1354 daAuts
     D:2: 1310 daAuts
     D:1: 990 daAuts
  Temple: 117 daAuts
     D:6: 83 daAuts
